 Dungeon Crawl Stone Soup version 0.26-a0-660-gc07710193c (webtiles) character file.

Game seed: 14961953471129080073

85649 Grim the Fencer (level 15, 0/211 HPs)
             Began as a Minotaur Berserker on Oct 5, 2020.
             Was an Elder of Trog.
             Slain by an orc knight
             ... wielding a cursed -3 glaive
              (13 damage)
             ... on level 2 of the Orcish Mines.
             The game lasted 01:18:04 (30858 turns).

Grim the Fencer (Minotaur Berserker)               Turns: 30858, Time: 01:18:05

Health: 0/211      AC: 15    Str: 24    XL:     15   Next: 38%
Magic:  4/4        EV: 19    Int:  7    God:    Trog [****..]
Gold:   2066       SH:  0    Dex: 15    Spells: 14/14 levels left

rFire    + . .     SeeInvis +   T - +4 demon blade (antimagic)
rCold    + + .     Faith    .   (no shield)
rNeg     . . .     Spirit   .   V - +2 ring mail of Dogmatism {+Inv MR++}
rPois    +         Reflect  .   (helmet restricted)
rElec    .         Harm     .   n - scarf {rC+ rF+}
rCorr    .         Rampage  .   X - +2 pair of gloves
MR       ++++.                  C - +1 pair of boots {Stlth+}
Stlth    ..........             p - amulet of Nonoumae {Acrobat rC+ MR+ Dex+2}
HPRegen  0.45/turn              k - ring of poison resistance
MPRegen  0.09/turn              K - ring of see invisible

@: berserking, very quick
A: retaliatory headbutt, hooves 1, horns 2, strong 1
a: Berserk, Trog's Hand, Brothers in Arms, Renounce Religion, Evoke Invisibility


You were on level 2 of the Orcish Mines.
You worshipped Trog.
Trog was greatly pleased with you.
You visited 3 branches of the dungeon, and saw 23 of its levels.
You also visited: Ice Cave.

You collected 2231 gold pieces.
You spent 165 gold pieces at shops.

Inventory:

Hand Weapons
 x - the +11 triple sword of the Iron City of Dis {vorpal, Stlth+}
   (Trog gifted it to you on level 11 of the Dungeon)

   It inflicts extra damage upon your enemies.
   It makes you more stealthy.
 P - the +10 long sword of Circularity {flame, rC- Int+4 Dex+7}
   (Trog gifted it to you on level 6 of the Lair of Beasts)

   It has been specially enchanted to burn those struck by it, causing extra
   injury to most foes and up to half again as much damage against particularly
   susceptible opponents.
   Big, fiery blades are also staple armaments of hydra-hunters.
   It affects your intelligence (+4).
   It affects your dexterity (+7).
   It makes you vulnerable to cold.
 T - a +4 antimagic demon blade (weapon)
Missiles
 h - 3 datura-tipped darts
 j - 83 poisoned darts
 z - 17 boomerangs (quivered)
 B - 5 curare-tipped darts
 W - 3 silver javelins
Armour
 n - a scarf of resistance (worn)
 C - a +1 pair of boots of stealth (worn)
 V - the +2 ring mail of Dogmatism (worn) {+Inv MR++}
   (You found it on level 1 of the Lair of Beasts)

   It affects your resistance to hostile enchantments.
   It lets you turn invisible.
 X - a +2 pair of gloves (worn)
Jewellery
 k - a ring of poison resistance (left hand)
 l - a +6 ring of dexterity
 p - the amulet of Nonoumae (around neck) {Acrobat rC+ MR+ Dex+2}
   (You acquired it on level 15 of the Dungeon)

   [amulet of the acrobat]

   It helps you evade while moving and waiting.
   It affects your dexterity (+2).
   It protects you from cold.
   It affects your resistance to hostile enchantments.
 I - an uncursed amulet of faith
 J - an uncursed ring of flight {unknown}
 K - a ring of see invisible (right hand)
 L - a +6 ring of intelligence
Wands
 c - a wand of digging (20)
 E - a wand of acid (26)
 F - a wand of iceblast (9)
 M - a wand of paralysis (30)
 O - a wand of polymorph (9)
Scrolls
 b - 4 scrolls of fog
 d - 11 scrolls of teleportation
 e - 11 scrolls of remove curse
 i - 2 scrolls of summoning
 o - 3 scrolls of immolation
 q - 9 scrolls of enchant weapon
 r - 5 scrolls of identify
 s - 6 scrolls of blinking
 u - 5 scrolls of enchant armour
 y - a scroll of torment
 H - 4 scrolls of fear
 R - a scroll of brand weapon
 S - a scroll of vulnerability
 Z - a scroll of holy word {unknown}
Potions
 a - 2 potions of magic
 f - 2 potions of resistance
 g - 6 potions of curing
 m - a potion of cancellation
 t - 8 potions of lignification
 v - 4 potions of flight
 w - 3 potions of heal wounds
 A - 3 potions of ambrosia
 D - 2 potions of might
 G - a potion of stabbing {unknown}
 N - a potion of haste
 U - a potion of invisibility
 Y - 3 potions of berserk rage
Miscellaneous
 Q - a phial of floods


   Skills:
 - Level 15.0 Fighting
 + Level 18.3 Long Blades
 - Level 11.5 Throwing
 - Level 12.4 Armour
 * Level 12.0 Dodging


You had 14 spell levels left.
You didn't know any spells.
Your spell library was empty.

Dungeon Overview and Level Annotations

Branches:
Dungeon (15/15)            Temple (0/1) D:5            Lair (6/6) D:9
  Swamp (0/4) Lair:4        Snake (0/4) Lair:3        Slime (0/5) Lair:5
    Orc (2/2) D:12            Elf (0/3) Orc:2        Vaults (0/5) D:14
 Depths (0/5) D:15          IceCv (visited)

Altars:
Dithmenos
Makhleb
Okawaru
The Shining One
Jiyva

Shops:
D:7 *   D:10 (   Orc:2 !


Innate Abilities, Weirdness & Mutations

You reflexively headbutt those who attack you in melee.
You have a pair of horns on your head.
You have large cloven feet.
Your muscles are strong. (Str +2)


Message History

The orc knight is heavily wounded.
The orc knight closely misses you.
You slash the orc knight! Your headbutt misses the orc knight.
The orc knight is severely wounded.
The orc knight completely misses you. You furiously retaliate!
You headbutt the orc knight! You slice the orc knight!!
The orc knight is moderately wounded.
The orc knight hits you with a cursed -3 glaive!
* * * LOW HITPOINT WARNING * * *
Unknown command.
You slash the orc knight!
You kill the orc knight!
Trog accepts your kill.
You closely miss the orc knight.
The orc knight is moderately wounded.
You slice the orc knight!!
The orc knight is severely wounded.
The orc knight hits you with a cursed -3 glaive!
You die...

.................#
.............#..###
....####.#...#.## ....
##....#...### ......
......##..##.## ......
......>....#...#
.................)#...#
................)))#.####
............o..o@)#†..#.##
................##)..#...#
......................#.##
.........................#
......)..#............#.##
........#............####
.♣..................##
....................#
........##.####....##


You could see 2 orc knights.

Vanquished Creatures
  The ghost of zhorgal the Geomancer, a journeyman GrEE of Vehumet (Lair:6)
  2 orc warlords
  A war gargoyle (D:14)
  The ghost of Tman the Grappler, a journeyman TrFi of Ru (D:11)
  Azrael (D:13)
  Snorg (Lair:5)
  Josephine (D:10)
  Fannar (D:12)
  A boulder beetle (D:12)
  2 hydras
  2 centaur warriors
  An ogre mage (D:15)
  A queen ant (D:7)
  8 two-headed ogres
  A deep troll earth mage (D:14)
  3 orc high priests (Orc:2)
  Nergalle (D:11)
  3 unseen horrors
  3 wizards
  A wolf spider zombie (D:12)
  A necromancer (IceCv)
  2 orc knights (Orc:2)
  A lindwurm (Lair:5)
  2 orc sorcerers
  A deep elf mage (D:10)
  3 cyclopes
  4 ice statues (IceCv)
  An elephant (Lair:5)
  A centaur zombie (D:15)
  Psyche (D:9)
  A naga mage (D:15)
  10 cane toads
  4 black mambas
  A gargoyle (D:11)
  A kobold demonologist (D:15)
  5 rime drakes
  6 komodo dragons
  11 ice devils (IceCv)
  8 trolls
  3 meliai (Lair:5)
  4 polar bears (Lair:6)
  4 hornets
  Grinder (D:3)
  11 blink frogs
  2 dream sheep (Lair:6)
  A shadow (D:13)
  4 spriggans (Lair:6)
  A vampire (D:12)
  A water elemental (D:14)
  5 wyverns
  44 yaks
  3 wraiths (D:10)
  2 fire elementals (D:13)
  6 basilisks
  5 wargs
  A redback simulacrum (D:14)
  4 vampire mosquitoes (D:14)
  A naga (Lair:3)
  13 soldier ants
  An acid dragon (D:15)
  6 insubstantial wisps (Lair:4)
  19 water moccasins
  3 hell hounds (D:13)
  A hornet zombie (D:10)
  3 ice beasts
  3 sky beasts
  3 black bears
  26 orc warriors
  23 ogres
  A phantom (D:8)
  3 boggarts (Lair:6)
  An eye of draining (D:10)
  31 wolves
  4 centaurs (D:8)
  8 big kobolds
  19 bullfrogs
  4 gnoll sergeants
  A wyvern zombie (D:11)
  3 scorpions
  A dream sheep simulacrum (Lair:6)
  A water moccasin skeleton (D:8)
  48 killer bees
  A vampire bat (Lair:4)
  5 wights (D:6)
  2 electric eels
  2 draconian simulacra (IceCv)
  A komodo dragon simulacrum (Lair:6)
  A quasit (D:10)
  2 bullfrog zombies
  3 jellies
  5 hounds
  17 orc priests
  2 bullfrog skeletons
  3 centaur skeletons
  Terence (D:2)
  38 worker ants
  2 iguanas
  18 orc wizards
  3 hell rats (Lair:3)
  A spriggan simulacrum (IceCv)
  A killer bee zombie (D:8)
  2 centaur simulacra (IceCv)
  3 hound zombies
  2 hound skeletons
  2 worker ant zombies
  10 gnolls
  11 adders
  3 naga simulacra (IceCv)
  2 ogre simulacra (IceCv)
  2 shadow imps
  2 white imps
  4 ufetubi
  2 oozes
  6 worms
  5 dart slugs
  8 leopard geckos
  79 orcs
  19 bats
  7 giant cockroaches
  5 goblins
  11 hobgoblins
  9 jackals
  5 quokkas
  3 ball pythons
  5 frilled lizards
  2 jackal zombies
  29 kobolds
  A leopard gecko skeleton (D:4)
  A quokka skeleton (D:8)
  A quokka zombie (D:7)
  12 rats
790 creatures vanquished.

Vanquished Creatures (collateral kills)
  3 hydras
  Sonja (Lair:5)
  3 skeletal warriors (D:14)
  An orc sorcerer (D:15)
  An elephant (Lair:5)
  2 cane toads
  3 hornets (Lair:6)
  2 polar bears (Lair:6)
  A spectral dream sheep (Lair:6)
  10 spriggans (Lair:6)
  2 wraiths
  A yak (Lair:1)
  A fire elemental (D:13)
  A catoblepas simulacrum (Lair:6)
  2 soldier ants (D:8)
  3 water moccasins (Lair:1)
  An orc warrior (D:10)
  2 ice beasts (D:14)
  A phantom (D:8)
  2 black bears
  2 wolves (Lair:1)
  An ogre (D:10)
  2 big kobolds
  A killer bee (Lair:5)
  A komodo dragon simulacrum (Lair:6)
  An orc wizard (Orc:2)
  An orc priest (D:10)
  3 worker ants (D:8)
  2 hell rats (Lair:3)
  2 gnolls (D:12)
  A white imp (D:14)
  11 orcs
71 creatures vanquished.

Vanquished Creatures (others)
  A queen bee (Lair:5)
  A kobold demonologist (D:15)
  A gnoll sergeant (D:12)
  An orc warrior (Orc:2)
  2 big kobolds (D:15)
  An orc priest (Orc:2)
  2 orcs
  A hobgoblin (D:3)
  27 fungi
  25 plants
62 creatures vanquished.

Grand Total: 923 creatures vanquished

Notes
Turn   | Place    | Note
-------+----------+-------------------------------------------
     0 | D:1      | Grim the Minotaur Berserker began the quest for the Orb.
     0 | D:1      | Reached XP level 1. HP: 19/19 MP: 0/0
    73 | D:1      | Reached skill level 4 in Long Blades
   103 | D:1      | Reached XP level 2. HP: 26/26 MP: 1/1
   445 | D:1      | Reached skill level 5 in Long Blades
   599 | D:1      | Reached XP level 3. HP: 27/31 MP: 2/2
   929 | D:2      | Reached ** piety under Trog
   974 | D:2      | Noticed Terence
   979 | D:2      | Killed Terence
   979 | D:2      | Reached skill level 6 in Long Blades
   979 | D:2      | Reached XP level 4. HP: 39/39 MP: 3/3
  1392 | D:2      | Found an iron altar of Okawaru.
  1712 | D:2      | Found a glowing golden altar of the Shining One.
  1961 | D:3      | Reached skill level 7 in Long Blades
  1961 | D:3      | Reached XP level 5. HP: 17/45 MP: 4/4
  2621 | D:3      | Reached skill level 8 in Long Blades
  2628 | D:3      | Reached XP level 6. HP: 46/51 MP: 5/5
  2759 | D:3      | Noticed Grinder
  2771 | D:3      | Killed Grinder
  2771 | D:3      | Reached skill level 9 in Long Blades
  2994 | D:4      | Reached XP level 7. HP: 53/57 MP: 6/6
  3173 | D:4      | Reached skill level 10 in Long Blades
  3511 | D:4      | Reached *** piety under Trog
  4055 | D:4      | Found a burning altar of Makhleb.
  4562 | D:5      | Entered Level 5 of the Dungeon
  4689 | D:5      | Found a staircase to the Ecumenical Temple.
  4759 | D:5      | Reached skill level 5 in Fighting
  4933 | D:5      | Reached XP level 8. HP: 70/70 MP: 7/7
  5311 | D:5      | Found a shadowy altar of Dithmenos.
  5357 | D:5      | You fall into a shaft and drop 2 floors!
  5678 | D:7      | Noticed a hornet
  5691 | D:7      | Killed a hornet
  5735 | D:7      | Found Gonivam's Assorted Antiques.
  5743 | D:7      | Bought a pair of embroidered boots for 165 gold pieces
  6057 | D:7      | Reached skill level 10 in Fighting
  6176 | D:7      | Reached **** piety under Trog
  6381 | D:6      | Reached XP level 9. HP: 60/85 MP: 8/8
  7484 | D:6      | Reached skill level 5 in Dodging
  8197 | D:8      | Noticed a queen ant
  8256 | D:7      | Killed a queen ant
  8256 | D:7      | Reached XP level 10. HP: 96/96 MP: 9/9
  8602 | D:8      | Reached skill level 10 in Dodging
  8943 | D:8      | Reached skill level 5 in Armour
  9996 | D:8      | Reached ***** piety under Trog
 10376 | D:9      | Noticed Psyche
 10389 | D:9      | Killed Psyche
 10389 | D:9      | Reached XP level 11. HP: 99/102 MP: 10/10
 10394 | D:9      | Found a staircase to the Lair.
 10614 | D:9      | Reached skill level 10 in Armour
 11524 | D:10     | Entered Level 10 of the Dungeon
 12038 | D:10     | Found Pumula's Weapon Shoppe.
 12057 | D:10     | Noticed a deep elf mage
 12069 | D:10     | Killed a deep elf mage
 12156 | D:10     | Noticed Josephine
 12177 | D:10     | Killed Josephine
 12605 | D:10     | Gained mutation: Potions are less effective at restoring
                  | your health. [potion of mutation]
 12605 | D:10     | Gained mutation: You are partially covered in icy blue
                  | scales. (AC +2) [potion of mutation]
 12606 | D:10     | Lost mutation: You are partially covered in icy blue
                  | scales. (AC +2) [potion of mutation]
 12606 | D:10     | Lost mutation: Potions are less effective at restoring your
                  | health. [potion of mutation]
 12606 | D:10     | Gained mutation: You have large cloven feet. [potion of
                  | mutation]
 12606 | D:10     | Gained mutation: Your muscles are strong. (Str +2) [potion
                  | of mutation]
 12672 | D:11     | Reached skill level 1 in Throwing
 13021 | D:11     | Reached skill level 11 in Long Blades
 13224 | D:11     | Received a gift from Trog
 13227 | D:11     | Got a steaming triple sword {god gift}
 13228 | D:11     | Identified the +11 triple sword of the Iron City of Dis
                  | {vorpal, Stlth+} (Trog gifted it to you on level 11 of the
                  | Dungeon)
 13579 | D:11     | Paralysed by a hornet for 3 turns
 13584 | D:11     | Noticed an unseen horror
 13599 | D:11     | Killed an unseen horror
 14079 | D:11     | Found a runed translucent gate.
 14079 | D:11     | Found a runed translucent gate.
 14080 | D:11     | Found a runed translucent gate.
 14132 | D:11     | Noticed Tman's ghost (journeyman TrFi)
 14206 | D:12     | Noticed Nergalle
 14206 | D:12     | Noticed a boulder beetle
 14225 | D:11     | Killed Nergalle
 14225 | D:11     | Reached skill level 12 in Long Blades
 14225 | D:11     | Reached XP level 12. HP: 95/110 MP: 11/11
 14595 | D:12     | Reached skill level 5 in Throwing
 14785 | D:12     | Killed a boulder beetle
 14981 | D:12     | Found a staircase to the Orcish Mines.
 15683 | D:12     | Noticed Fannar
 15705 | D:12     | Killed Fannar
 15924 | D:11     | Killed Tman's ghost
 15924 | D:11     | Reached skill level 13 in Long Blades
 16069 | Lair:1   | Entered Level 1 of the Lair of Beasts
 16428 | Lair:1   | Noticed a seven-headed hydra
 16440 | Lair:1   | Killed a seven-headed hydra
 16468 | Lair:1   | Received a gift from Trog
 16628 | Lair:1   | Got a transparent ring mail
 16639 | Lair:1   | Identified the +2 ring mail of Dogmatism {+Inv MR++} (You
                  | found it on level 1 of the Lair of Beasts)
 17042 | Lair:2   | Noticed a four-headed hydra
 17053 | Lair:2   | Killed a five-headed hydra
 17282 | Lair:2   | Reached skill level 14 in Long Blades
 17621 | Lair:2   | Noticed a six-headed hydra
 17629 | Lair:2   | Killed a seven-headed hydra
 18214 | Lair:3   | Reached XP level 13. HP: 86/116 MP: 4/12
 18321 | Lair:3   | Found a staircase to the Snake Pit.
 19668 | Lair:4   | Found a staircase to the Swamp.
 19683 | Lair:4   | Reached skill level 15 in Long Blades
 20037 | Lair:4   | Reached skill level 10 in Throwing
 21091 | Lair:5   | Noticed Sonja
 21092 | Lair:5   | Killed Sonja
 21197 | Lair:5   | Reached skill level 16 in Long Blades
 21626 | Lair:5   | Found a staircase to the Slime Pits.
 21636 | Lair:5   | Found a viscous altar of Jiyva.
 22400 | Lair:6   | Entered Level 6 of the Lair of Beasts
 22432 | Lair:6   | Noticed Snorg
 22460 | Lair:5   | Killed Snorg
 23123 | Lair:6   | Reached XP level 14. HP: 124/124 MP: 4/13
 23481 | Lair:6   | Received a gift from Trog
 23491 | Lair:6   | Got an encrusted long sword {god gift}
 23766 | Lair:6   | Identified the +10 long sword of Circularity {flame, rC-
                  | Int+4 Dex+7} (Trog gifted it to you on level 6 of the Lair
                  | of Beasts)
 24308 | Lair:6   | Found a runed translucent gate.
 24309 | Lair:6   | Found a runed translucent gate.
 24310 | Lair:6   | Found a runed translucent gate.
 24316 | Lair:6   | Noticed zhorgal's ghost (journeyman GrEE)
 24498 | Lair:6   | Killed zhorgal's ghost
 24802 | D:13     | Reached skill level 17 in Long Blades
 25244 | D:13     | Noticed Azrael
 25253 | D:13     | Killed Azrael
 26251 | D:14     | Noticed an orc warlord
 26253 | D:14     | Noticed a war gargoyle
 26333 | D:14     | Noticed a fire giant
 26879 | D:14     | Found a frozen archway.
 26888 | IceCv    | Entered an ice cave
 27815 | D:14     | Killed a war gargoyle
 27815 | D:14     | Reached skill level 15 in Fighting
 27990 | D:14     | Killed an orc warlord
 28351 | D:14     | Found a gate to the Vaults.
 28639 | D:15     | Entered Level 15 of the Dungeon
 28686 | D:15     | Reached XP level 15. HP: 134/141 MP: 4/14
 29212 | D:15     | Identified a scroll of acquirement
 29212 | D:15     | Acquired the amulet of Nonoumae {Acrobat rC+ MR+ Dex+2}
 29346 | D:15     | Found a staircase to the Depths.
 29388 | D:15     | Reached skill level 18 in Long Blades
 29559 | Orc:1    | Entered Level 1 of the Orcish Mines
 30138 | Orc:2    | Entered Level 2 of the Orcish Mines
 30521 | Orc:2    | Noticed an orc warlord
 30565 | Orc:2    | Killed an orc warlord
 30676 | Orc:2    | Found a staircase to the Elven Halls.
 30716 | Orc:2    | Found Emonk's Distillery.
 30858 | Orc:2    | Slain by an orc knight

Illustrated notes

Levels and vault maps discovered:
D:1:      saegor_arrival_under_anarchy, layout_rooms, minmay_quantized
D:2:      layout_basic, tso_metal_star, lemuel_doored_altar, uniq_terence
D:3:      layout_rooms, uniq_grinder
D:4:      layout_layer_cave, lemuel_crystal_altar, minmay_door_square
D:5:      layout_gridville, nicolae_overflow_crystal_walls,
          minmay_temple_entry_junction, vehumet_altar_wand_db
D:6:      layout_loops_ring
D:7:      layout_loops_ring, serial_shops, shop, hangedman_minor_gate_pass
D:8:      minmay_polygon_palace, layout_basic, zaba_anthell
D:9:      layout_irregular_city, lair_entry_dummy, minivault_11,
          kennysheep_crisscross, uniq_psyche
D:10:     layout_basic, special_room [special_room_orc], serial_shops,
          kennysheep_mini_moat, uniq_josephine
D:11:     layout_loops_ring, serial_glass, glass_columns_b, glass_columns_b,
          ebering_ghost_rock_garden, hangedman_pestilent_swarm
D:12:     layout_long_grid, kennysheep_orc_monster_closet_entryway, uniq_fannar,
          uniq_nergalle
D:13:     layout_big_octagon, uniq_azrael
D:14:     layout_roguey, david_vaults_1, chequers_arboretum, serial_ice,
          serial_ice_e, serial_ice_i, serial_ice_b, serial_ice_h,
          portal_ice_cave_entry_pillars_2, minmay_diamond_spiral
D:15:     grunt_enter_depths_magical_seal, layout_rooms
Lair:1:   layout_small_grid, beast_lair_carwin_1
Lair:2:   layout_chaotic_city, grunt_megastairs_4
Lair:3:   layout_chaotic_city, guppyfry_snake_entry_island,
          chequers_serial_rivers_micro_c
Lair:4:   layout_regular_city, minmay_swamp_entry_wisps, roderic_batcave,
          grunt_megastairs_3, serial_bayou_shore_a
Lair:5:   regret_index_tunnel_blossom, layout_cave_pods, slime_altar_1,
          infiniplex_staircase_pool_2, uniq_sonja
Lair:6:   minmay_lair_end_enchanted_forest, layout_regular_city,
          gammafunk_ghost_necromancy, uniq_snorg
Orc:1:    layout_caves
Orc:2:    st_orc_elflike, layout_caves, serial_shops, nicolae_shop_trees

Skill      XL: |  1  2  3  4  5  6  7  8  9 10 11 12 13 14 15 |
---------------+----------------------------------------------+-----
Long Blades    | 4 5 6 7 8 9 10 12 14 16 17 18 | 18.3
Fighting       | 6 10 11 15 | 15.0
Dodging        | 9 10 12 | 12.0
Armour         | 9 12 | 12.4
Throwing       | 4 9 11 | 11.5

Action                   |  1- 3 |  4- 6 |  7- 9 | 10-12 | 13-15 || total
-------------------------+-------+-------+-------+-------+-------++-------
Melee: Falchion          |    60 |   112 |   288 |   558 |       ||  1018
       Headbutt          |    13 |    33 |    93 |   262 |   249 ||   650
       Scimitar          |       |       |       |   207 |       ||   207
       Demon blade       |       |       |       |    79 |   904 ||   983
       Long sword        |       |       |       |       |    38 ||    38
Throw: Dart              |       |       |    17 |    41 |   192 ||   250
       Boomerang         |       |       |       |       |   119 ||   119
       Javelin           |       |       |       |       |    24 ||    24
Invok: Berserk           |     1 |     2 |     9 |    10 |    10 ||    32
       Trog's Hand       |       |     4 |     2 |    11 |    19 ||    36
       Brothers in Arms  |       |       |     1 |     8 |    10 ||    19
Evoke: Wand              |       |       |       |       |     2 ||     2
  Use: Scroll            |       |       |       |    13 |    21 ||    34
       Potion            |       |       |       |     4 |     1 ||     5
 Stab: Sleeping          |       |       |     6 |     3 |     3 ||    12
       Distracted        |       |       |       |     2 |     1 ||     3
Armor: Animal skin       |    13 |     6 |       |       |       ||    19
       Robe              |       |     3 |    32 |    68 |       ||   103
       Ring mail         |       |       |       |    14 |   220 ||   234
Dodge: Dodged            |    46 |    77 |   147 |   654 |   661 ||  1585
       Rpst.: Falchion   |    12 |    17 |    41 |   124 |       ||   194
       Scimitar          |       |       |       |    44 |       ||    44
       Demon blade       |       |       |       |    14 |   152 ||   166
       Long sword        |       |       |       |       |    12 ||    12

Table legend: (Time is in decaauts)
 A = Elapsed time spent in this place.
 B = Non-inter-level travel time spent in this place.
 C = Inter-level travel time spent in this place.
 D = Time resting spent in this place.
 E = Time spent auto-exploring this place.
 F = Levels seen in this place.
 G = Mean time per level.
                   A        B        C        D        E       F      G
               +--------+--------+--------+--------+--------+-----+--------+
         Total |  30483 |  29642 |    841 |  11103 |  13428 |  24 | 1270.1 |
       Dungeon |  20278 |  19648 |    630 |   8305 |   7887 |  15 | 1351.9 |
          Lair |   8366 |   8174 |    192 |   2084 |   4940 |   6 | 1394.3 |
  Orcish Mines |   1014 |    996 |     18 |    326 |    417 |   2 |  507.0 |
      Ice Cave |    823 |    823 |      0 |    386 |    183 |   1 |  823.0 |
               +--------+--------+--------+--------+--------+-----+--------+

Top non-repeatable levels by time:
    D:11: 2391 daAuts
  Lair:5: 2356 daAuts
     D:8: 1802 daAuts
     D:7: 1726 daAuts
  Lair:6: 1706 daAuts
    D:14: 1560 daAuts
  Lair:4: 1480 daAuts
    D:13: 1462 daAuts
     D:2: 1451 daAuts
    D:12: 1373 daAuts
     D:4: 1346 daAuts
     D:9: 1221 daAuts
     D:5: 1165 daAuts
    D:10: 1139 daAuts
  Lair:2: 1122 daAuts
